 Dungeon Crawl Stone Soup version 0.29.1-13-g9f3cf754e1 (webtiles) character file.

Game seed: 7231942445943691468

112 hbarley the Trooper (level 4, 0/41 HPs)
             Began as a Hill Orc Fighter on Jan 30, 2023.
             Splashed by a jelly's acid (5 damage)
             ... on level 3 of the Dungeon.
             The game lasted 00:06:04 (2521 turns).

hbarley the Trooper (Hill Orc Fighter)              Turns: 2521, Time: 00:06:05

Health: 0/41       AC: -3    Str: 18    XL:     4   Next: 93%
Magic:  4/4        EV:  9    Int:  8    God:
Gold:   187        SH:  4    Dex: 12    Spells: 3/3 levels left

rFire   . . .      SeeInvis .   a - +0 war axe
rCold   . . .      Faith    .   c - +0 buckler
rNeg    . . .      Spirit   .   b - +0 scale mail
rPois   .          Reflect  .   f - +0 helmet
rElec   .          Harm     .   (no cloak)
rCorr   .          Rampage  .   (no gloves)
Will    .....                   (no boots)
Stlth   ..........              r - amulet of regeneration
HPRegen 0.93/turn               (no ring)
MPRegen 0.09/turn               (no ring)

@: mighty, corroded
A: no striking features
a: no special abilities


You were on level 3 of the Dungeon.
You visited 1 branch of the dungeon, and saw 3 of its levels.

You collected 187 gold pieces.

Inventory:

Hand Weapons
 a - a +0 war axe (weapon)
 l - a +1 mace of draining
Armour
 b - a +0 scale mail (worn)
 c - a +0 buckler (worn)
 f - a +0 helmet (worn)
Jewellery
 m - a ring of magical power
 r - an amulet of regeneration (around neck)
Wands
 k - a wand of polymorph (6)
Scrolls
 e - 7 scrolls of identify {unknown}
 g - 4 scrolls of magic mapping {unknown}
 i - 2 scrolls of immolation {unknown}
 j - a scroll of fear {unknown}
 q - a scroll of poison {unknown}
Potions
 h - 2 potions of heal wounds {unknown}
 n - a potion of mutation {unknown}
 o - a potion of attraction {unknown}
 p - a potion of resistance {unknown}


   Skills:
 + Level 4.5 Fighting
 + Level 4.3 Axes
 + Level 4.0 Armour
 + Level 1.0 Dodging
 + Level 3.6 Shields


You had 3 spell levels left.
You didn't know any spells.
Your spell library was empty.

Dungeon Overview and Level Annotations

Branches:
Dungeon (3/15)

Altars:
Nemelex Xobeh
Yredelemnul

Shops:
D:1 *[:(?


Message History

You hit the endoplasm.
You kill the endoplasm!
You block the endoplasm's attack.
You slash the endoplasm!
You kill the endoplasm!
You slash the endoplasm!
You kill the endoplasm! 2 jellies, an endoplasm and a kobold come into view.
Found four items.
The jelly quivers. x2; The endoplasm quivers.
There is an open door here.
The kobold hits you but does no damage.
You completely miss the kobold.
The kobold hits you with a +0 short sword.
You closely miss the kobold. You slash the jelly! The acid corrodes you!
Your hands burn!
The jelly hits you.
You are splashed with acid!
The kobold barely misses you. You block the jelly's attack.
The kobold hits you with a +0 short sword.
The jelly attacks as you move away! The jelly hits you but does no damage.
There is an open door here.
The jelly attacks as you move away! The jelly hits you but does no damage.
You hit the jelly.
Your hands burn!
The jelly is severely wounded.
You block the jelly's attack.
You hit the jelly but do no damage. The acid corrodes you!
Your hands burn!
The jelly is severely wounded.
The jelly hits you. The acid corrodes you!
You are splashed with acid!
You slash the jelly!
You kill the jelly!
The jelly hits you.
You are splashed with acid!
* * * LOW HITPOINT WARNING * * *
Your Axes skill increases to level 4!
Your Armour skill increases to level 4!
Your Dodging skill increases to level 1!
You hit the jelly but do no damage.
Your hands burn!
* * * LOW HITPOINT WARNING * * *
You block the jelly's attack.
You feel very mighty all of a sudden. The jelly closely misses you.
You slash the jelly!
Your hands burn!
You die...

.## ### ###########
##... ## #......÷.$#
##.. # #.......÷.#
##' #÷........# #.
#.........# #.
#..÷.J...÷# ##.
#÷..J.....# ######..
##K######## #(......
##JJ@...## #.####..
########.#####.#####.
#....'..###......###.
#...)#### ####.#.....
#.......# #.#####.
#...)...# ##.......
#.......# #........
#.......#####.#####..
##.....###..†.# #..


You could see a jelly, an endoplasm and a kobold.

Vanquished Creatures
  A jelly (D:3)
  2 adders
  2 dart slugs (D:1)
  3 bats
  11 endoplasms
  3 giant cockroaches
  4 goblins
  2 hobgoblins (D:2)
  4 jackals
  11 kobolds
  A quokka (D:1)
  3 ball pythons
  3 frilled lizards
  4 rats
54 creatures vanquished.

Vanquished Creatures (others)
  8 fungi (D:3)
  9 toadstools (D:3)
17 creatures vanquished.

Grand Total: 71 creatures vanquished

Notes
Turn   | Place    | Note
-------+----------+-------------------------------------------
     0 | D:1      | hbarley the Hill Orc Fighter began the quest for the Orb.
     0 | D:1      | Reached XP level 1. HP: 19/19 MP: 1/1
    26 | D:1      | Found Sicukad's Antique Weapon Shop.
    37 | D:1      | Found Xoodouczie's Antique Armour Boutique.
   129 | D:1      | Found Jukik's Book Boutique.
   155 | D:1      | Reached XP level 2. HP: 27/27 MP: 2/2
   189 | D:1      | Found Vyib Fas's Magic Scroll Shop.
   463 | D:1      | Found Qadwug's Assorted Antiques.
   878 | D:2      | Reached XP level 3. HP: 33/33 MP: 3/3
  1137 | D:2      | Found a sparkling altar of Nemelex Xobeh.
  2121 | D:3      | Reached XP level 4. HP: 41/41 MP: 4/4
  2276 | D:3      | Found a basalt altar of Yredelemnul.
  2519 | D:3      | Reached skill level 1 in Dodging
  2521 | D:3      | Splashed by a jelly's acid

Illustrated notes

Levels and vault maps discovered:
D:1:      minmay_arrival_doors, layout_loops_cross, serial_shops, shop,
          nicolae_shop_trees, shop, shop, nicolae_shop_crystal, minmay_distorted
D:2:      layout_loops_corners, basic_altar, minmay_hedge_maze,
          minmay_misc_feat_columns
D:3:      cheibrodos_fertilizer, layout_loops_corners, general_overflow_altar,
          lemuel_round_altar, dilly_ecumenical_altar_fadedgnrine

Skill      XL: |  1  2  3  4 |
---------------+-------------+-----
Fighting       | 4 |  4.5
Axes           | 3 4 |  4.3
Armour         | 4 |  4.0
Dodging        | 1 |  1.0
Shields        | |  3.6

Action                   |  1- 3 |  4- 6 || total
-------------------------+-------+-------++-------
Melee: War axe           |   126 |    44 ||   170
  Use: Potion            |       |     1 ||     1
Armor: Scale mail        |    82 |    19 ||   101
Dodge: Dodged            |    72 |    11 ||    83
Block: Buckler           |    29 |    13 ||    42
